 Dungeon Crawl Stone Soup version 0.16-a0-393-g278d215 (webtiles) character file.

230 Grim the Chopper (level 6, -4/37 HPs)
             Began as a Gargoyle Chaos Knight on Sept 14, 2014.
             Was a Plaything of Xom.
             Slain by an ogre
             ... wielding a +0 giant club
              (19 damage)
             ... on Level 3 of the Dungeon.
             The game lasted 00:27:35 (1758 turns).

Grim the Chopper (Gargoyle Chaos Knight)            Turns: 1758, Time: 00:27:35

HP  -4/37        AC 11     Str 16      XL: 6   Next:  3%
MP   6/6         EV 13     Int 12      God: Xom
Gold 88          SH  0     Dex 11      Spells:  0 memorised,  5 levels left

rFire  + . .     SeeInvis .     a - +0 hand axe (chaos)
rCold  . . .     Clarity  .     t - +0 ring mail (curse)
rNeg   + . .     rCorr    .     (no shield)
rPois  +         rRot     +     l - +1 helmet
rElec  +         Spirit   .     (no cloak)
SustAb .         Warding  .     (no gloves)
rMut   .         Stasis   .     (no boots)
Gourm  .                        (no amulet)
MR     .....                    j - +3 ring of evasion
                                e - ring of protection from fire

@: not resistant to hostile enchantments, very unstealthy
A: negative energy resistance 1, electricity resistance, unbreathing,
petrification resistance, rot immunity, AC +4
a: Renounce Religion


You were on level 3 of the Dungeon.
You worshipped Xom.
You were a toy of Xom.
You were not hungry.

You visited 1 branch of the dungeon, and saw 3 of its levels.

You collected 88 gold pieces.

Inventory:

Hand weapons
 a - a +0 hand axe of chaos (weapon)
Armour
 b - a +2 leather armour
 f - a +0 ring mail
 l - a +1 helmet (worn)
 t - a cursed +0 ring mail (worn)
Comestibles
 c - 3 bread rations
 k - 3 meat rations
Scrolls
 g - 2 scrolls of remove curse {unknown}
 o - 2 scrolls of recharging {unknown}
 q - a scroll of fog {unknown}
Jewellery
 e - a ring of protection from fire (left hand)
 j - a +3 ring of evasion (right hand)
 r - an uncursed ring of flight
Potions
 d - a potion of haste {unknown}
 i - a potion of confusion
 m - 2 potions of lignification {unknown}
 n - a potion of restore abilities {unknown}
 p - a potion of heal wounds {unknown}


   Skills:
 - Level 3.2 Fighting
 + Level 5.9 Axes
 - Level 2.1 Armour
 - Level 0.7 Dodging


You had 5 spell levels left.
You didn't know any spells.

Dungeon Overview and Level Annotations

Branches:
Dungeon (3/15)

Altars:
Makhleb


Innate Abilities, Weirdness & Mutations

You are resistant to torment.
You are immune to poison.
Your stone body is very resilient (AC +4).
You resist negative energy.
You are resistant to electric shocks.
You can survive without breathing.
You are immune to petrification.
You are immune to rotting.


Message History

o - 2 scrolls labeled ATZIFU JUUGEBU (gained 1)
There is a stone staircase leading down here.
An ogre comes into view. It is wielding a giant club.
The ogre shouts!
You barely miss the ogre. The ogre closely misses you.
You barely miss the ogre. You hit the ogre but do no damage.
The ogre hits you with a giant club.
You hit the ogre.
The ogre is lightly wounded.
The ogre hits you with a giant club.
You hit the ogre. You freeze the ogre.
The ogre is lightly wounded.
The ogre hits you with a giant club!
You slash the ogre!
The ogre appears confused.
The ogre is moderately wounded.
You hit the ogre.
The ogre seems to speed up.
The ogre is heavily wounded.
The ogre hits you with a giant club!!
Ouch! That really hurt!
You die...

.. #.# ..##.# ..#.# #O#)#
#...#############
#..............#
#...#..........#
###...#..........#
########.@O>..)%........#
##
#........###.#..........#
.#######........#
#.#+#'########
.......#........# ##.....#
.......######+#.###......#
........#####+#...#......#
...%....##...............#
.###....##.....##.##.....#
## #)...##.......[##.....#


You could see an ogre (confused).

Vanquished Creatures
  A soldier ant (D:2)
  2 adders
  4 gnolls (D:2)
  A giant mite (D:2)
  2 worms (D:2)
  A giant cockroach (D:2)
  8 goblins
  5 hobgoblins
  4 jackals (D:1)
  6 kobolds
  3 bats
  A giant gecko (D:1)
  3 giant newts (D:1)
  5 rats
46 creatures vanquished.

Notes
Turn   | Place    | Note
--------------------------------------------------------------
     0 | D:1      | Grim, the Gargoyle Chaos Knight, began the quest for the Orb.
     0 | D:1      | Reached XP level 1. HP: 14/14 MP: 1/1
    53 | D:1      | XOM: harmless Trmt miscast
    55 | D:1      | Reached XP level 2. HP: 14/19 MP: 2/2
   258 | D:1      | XOM: harmless Summ miscast
   507 | D:1      | Reached XP level 3. HP: 23/23 MP: 3/3
   562 | D:1      | XOM: stat loss: -1 Dex (9/10)
   615 | D:2      | Noticed a soldier ant
   615 | D:2      | a worm changed into a soldier ant
   623 | D:2      | Killed a soldier ant
   623 | D:2      | Reached skill level 5 in Axes
   623 | D:2      | Reached XP level 4. HP: 17/28 MP: 4/4
   623 | D:2      | Reached XP level 5. HP: 19/32 MP: 5/5
   657 | D:2      | XOM: mild Hex miscast
   985 | D:2      | XOM: silly message
  1321 | D:2      | XOM: vitrification
  1401 | D:2      | XOM: cast spell 'Spider Form'
  1514 | D:2      | Found a burning altar of Makhleb.
  1514 | D:2      | Noticed a cacodemon
  1616 | D:3      | Reached XP level 6. HP: 32/37 MP: 6/6
  1746 | D:3      | Noticed an ogre
  1758 | D:3      | Slain by an ogre

Action                   |  1- 3 |  4- 6 || total
-------------------------+-------+-------++-------
Melee: Hand axe          |    74 |    80 ||   154
  Use: Potion            |       |     1 ||     1
 Stab: Paralysed         |     3 |       ||     3
       Confused          |       |     1 ||     1
  Eat: Pizza             |       |     1 ||     1
       Chunk             |       |     1 ||     1
